 Dungeon Crawl Stone Soup version 0.26-a0-752-gcff87cac9a (webtiles) character file.

Game seed: 16440983154777137420

13 flm the Skirmisher (level 2, 0/27 HPs)
             Began as a Hill Orc Berserker on Nov 7, 2020.
             Was a Follower of Trog.
             Slain by Natasha (4 damage)
             ... on level 3 of the Dungeon.
             The game lasted 00:05:46 (751 turns).

flm the Skirmisher (Hill Orc Berserker)              Turns: 751, Time: 00:05:46

Health: 0/27       AC:  5    Str: 19    XL:     2   Next: 37%
Magic:  2/2        EV: 11    Int:  7    God:    Trog [*.....]
Gold:   48         SH:  0    Dex: 10    Spells: 1/1 levels left

rFire    . . .     SeeInvis .   a - +0 spear
rCold    . . .     Faith    .   (no shield)
rNeg     . . .     Spirit   .   h - +0 leather armour (curse)
rPois    .         Reflect  .   (no helmet)
rElec    .         Harm     .   (no cloak)
rCorr    .         Rampage  .   g - +1 pair of gloves
MR       .....                  (no boots)
Stlth    +.........             (no amulet)
HPRegen  0.09/turn              (no ring)
MPRegen  0.08/turn              (no ring)

@: slowed, very slow
A: no striking features
a: Berserk, Renounce Religion


You were on level 3 of the Dungeon.
You worshipped Trog.
Trog was aware of your devotion.
You visited 1 branch of the dungeon, and saw 3 of its levels.

You collected 48 gold pieces.

Inventory:

Hand Weapons
 a - a +0 spear (weapon)
 i - a +0 club
Missiles
 d - 26 bolts
Armour
 b - a +0 animal skin
 g - a +1 pair of gloves (worn)
 h - a cursed +0 leather armour (worn)
Scrolls
 c - 3 scrolls of teleportation
 e - 2 scrolls of magic mapping
 f - 4 scrolls of remove curse {unknown}
 l - a scroll of identify {unknown}
Potions
 j - a potion of attraction {unknown}
 k - a potion of degeneration {unknown}


   Skills:
 + Level 3.9 Fighting
 + Level 3.6 Polearms
 + Level 2.2 Armour
 + Level 1.6 Dodging
 + Level 0.3 Stealth


You had one spell level left.
You didn't know any spells.
Your spell library was empty.

Dungeon Overview and Level Annotations

Branches:
Dungeon (3/15)

Altars:

Annotations:
D:3 Natasha


Message History

You feel yourself slow down.
The crimson imp hits you but does no damage.
You hit Natasha but do no damage. Natasha claws you but does no damage.
The crimson imp blinks!
You hit Natasha but do no damage. Natasha claws you.
Natasha closely misses you.
You barely miss Natasha. Natasha barely misses you.
The crimson imp closely misses you.
You closely miss Natasha. Natasha claws you. The crimson imp hits you.
You barely miss Natasha.
Natasha stares at you and mumbles some strange words.
The magic dart hits you.
* * * LOW HITPOINT WARNING * * *
The crimson imp hits you but does no damage.
Natasha closely misses you.
You barely miss the crimson imp.
The crimson imp blinks!
Natasha claws you.
* * * LOW HITPOINT WARNING * * *
Natasha casts a spell at you. You resist with significant effort.
Natasha claws you.
You die...

.... ....# # #.#.## #
#..#.### ######### #
#.....######.?†$...#
#### #........#.@h....#
.>.###.......##.......#
......<............5....
........##..#..##.......
....#####...#.....$[....
...## #...#..##.......
...# $...###.# .......
...# ...### #.# .......
...# #.#. #.# ....


You could see Natasha and a crimson imp (summoned).

Vanquished Creatures
  A dart slug (D:1)
  A ball python (D:1)
  2 goblins (D:1)
  A hobgoblin (D:1)
  A kobold (D:1)
  3 bats
  A frilled lizard (D:1)
10 creatures vanquished.

Notes
Turn   | Place    | Note
-------+----------+-------------------------------------------
     0 | D:1      | flm the Hill Orc Berserker began the quest for the Orb.
     0 | D:1      | Reached XP level 1. HP: 19/19 MP: 1/1
   446 | D:1      | Reached XP level 2. HP: 27/27 MP: 2/2
   735 | D:3      | Noticed Natasha
   744 | D:3      | Noticed a crimson imp
   751 | D:3      | Slain by Natasha

Illustrated notes

Levels and vault maps discovered:
D:1:      minmay_arrival_semitransparent, layout_basic, feat_on_display
D:2:      wander_river, layout_basic, cheibriados_altar_1,
          chequers_serial_rivers_micro_c
D:3:      layout_rooms, tgw_sif, nicolae_overflow_crystal_walls,
          grunt_dithmenos_smoke, uniq_natasha

Action                   || total
-------------------------++-------
Melee: Spear             ||    30
  Use: Potion            ||     3
       Scroll            ||     2
Armor: Leather armour    ||     9
Dodge: Dodged            ||    26

Table legend: (Time is in decaauts)
 A = Elapsed time spent in this place.
 B = Non-inter-level travel time spent in this place.
 C = Inter-level travel time spent in this place.
 D = Time resting spent in this place.
 E = Time spent auto-exploring this place.
 F = Levels seen in this place.
 G = Mean time per level.
                   A        B        C        D        E       F      G
               +--------+--------+--------+--------+--------+-----+--------+
         Total |    754 |    754 |      0 |      0 |      0 |   3 |  251.3 |
       Dungeon |    754 |    754 |      0 |      0 |      0 |   3 |  251.3 |
               +--------+--------+--------+--------+--------+-----+--------+

Top non-repeatable levels by time:
     D:1: 553 daAuts
     D:2: 155 daAuts
     D:3: 44 daAuts
